 Dungeon Crawl Stone Soup version 0.27.1-34-g3ba077fa99 (webtiles) character file.

Game seed: 9916700626557713246

2 Descartes the Grasshopper (level 1, 0/9 HPs)
             Began as a Felid Warper on Jan 21, 2022.
             Constricted to death by a ball python (1 damage)
             ... on level 1 of the Dungeon.
             The game lasted 00:00:28 (185 turns).

Descartes the Grasshopper (Felid Warper)             Turns: 185, Time: 00:00:29

Health: 0/9        AC:  1    Str:  7    XL:     1   Next: 25%
Magic:  4/4        EV: 14    Int: 14    God:
Gold:   0          SH:  0    Dex: 15    Spells: 4/4 levels left
                                        Lives:  0   Deaths: 0

rFire    . . .     SeeInvis +     - Unarmed
rCold    . . .     Faith    .   (shield unavailable)
rNeg     . . .     Spirit   .   (armour unavailable)
rPois    .         Reflect  .   (helmet unavailable)
rElec    .         Harm     .   (cloak unavailable)
rCorr    .         Rampage  .   (gloves unavailable)
Will     .....                  (boots unavailable)
Stlth    +.........             (no amulet)
HPRegen  0.03/turn              (no ring)
MPRegen  0.09/turn              (no ring)

@: constricted, quick
A: very small, claws 1, fangs 3, see invisible, speed 1, shaggy fur 1, stealthy
paws, no weapons or thrown items, no armour, multi-lived
a: no special abilities


You were on level 1 of the Dungeon.
You visited 1 branch of the dungeon, and saw 1 of its levels.

Inventory:

Scrolls
 a - a scroll of blinking
 b - a scroll of amnesia {unknown}
Potions
 c - a potion of mutation {unknown}


   Skills:
 - Level 2.0 Fighting
 + Level 3.2 Dodging
 + Level 0.2 Stealth
 + Level 2.0 Unarmed Combat
 - Level 2.0 Spellcasting
 + Level 4.4 Translocations


You had 4 spell levels left.
You didn't know any spells.
Your spell library contained the following spells:

 Spells                   Type           Power      Damage    Failure   Level
 Blink                    Tloc           N/A        N/A       6%          2
 Gell's Gravitas          Tloc           6%         N/A       12%         3
 Lesser Beckoning         Tloc           6%         N/A       12%         3
 Teleport Other           Tloc           13%        N/A       12%         3
 Manifold Assault         Tloc           13%        N/A       71%         5


Dungeon Overview and Level Annotations

Branches:
Dungeon (1/15)

Altars:


Innate Abilities, Weirdness & Mutations

You have sharp claws.
You have razor-sharp teeth.
You have supernaturally acute eyesight. (SInv)
You cover ground quickly. (Speed+)
You are covered in fur. (AC +1)
Your paws help you pounce on unaware monsters.
You are incapable of wielding weapons or throwing items.
You cannot wear armour.
You gain extra lives every three experience levels.


Message History

No target in view!
No target in view!
An endoplasm comes into view.
A ball python comes into view.
The endoplasm quivers.
The ball python hisses angrily.
You barely miss the endoplasm. The endoplasm freezes you.
You are frozen.
You scratch the endoplasm but do no damage.
The endoplasm hits you.
You scratch the endoplasm.
The endoplasm is lightly wounded.
The ball python misses you. The ball python grabs you.
The ball python constricts you. The endoplasm hits you.
You are too injured to fight recklessly!
You are too injured to fight recklessly!
You are too injured to fight recklessly!
You are too injured to fight recklessly!
You are too injured to fight recklessly!
You are too injured to fight recklessly!
You are too injured to fight recklessly!
You are too injured to fight recklessly!
You are too injured to fight recklessly!
You are too injured to fight recklessly!
You are too injured to fight recklessly!
You are too injured to fight recklessly!
You escape the ball python's grasp.
The endoplasm hits you.
* * * LOW HITPOINT WARNING * * *
The ball python closely misses you. The ball python misses you.
The ball python completely misses you. The ball python barely misses you.
The ball python completely misses you. The ball python closely misses you.
You barely miss the ball python. The ball python completely misses you.
The ball python grabs you. The ball python constricts you.
The ball python closely misses you. The ball python constricts you.
* * * LOW HITPOINT WARNING * * *
You scratch the ball python.
The ball python is severely wounded.
The ball python completely misses you. The ball python constricts you.
You die...

######## #......#####
#..........####### #
.#####................# ##
........#####..†......# ##.
##....................# ##..
#.........###.........###...
#.........###...............
.........JS@................
#.........###....###########
#.........# ######..♣....♣.#
#.......... ##...........
#.........#. #.<......♣..♣
#............#≈.............
#...........##........(.....
....... ♣..............
♣..............


You could see an endoplasm and a ball python.

Vanquished Creatures
  An endoplasm (D:1)
  A ball python (D:1)
2 creatures vanquished.

Notes
Turn   | Place    | Note
-------+----------+-------------------------------------------
     0 | D:1      | Descartes the Felid Warper began the quest for the Orb.
     0 | D:1      | Reached XP level 1. HP: 9/9 MP: 4/4
   185 | D:1      | Constricted to death by a ball python

Illustrated notes

Levels and vault maps discovered:
D:1:      nzn_arrival_settlement, layout_rooms, minivault_4, st_stairs_2

Action                   || total
-------------------------++-------
Melee: Unarmed           ||     9
Dodge: Dodged            ||    12
